Map: [ESL] Moondance

Players

夜蝶蝶蝶蝶蝶蝶蝶 (Firefly)

  • Race: Protoss Protoss

iGCoffeeMs (Coffee) - Winner!

  • Race: Terran Terran
  • League: Master

Event: DreamHack SC2 Masters 2022 Atlanta (Online)

VOD

Have the link to the VOD?

Description

Time

  • Played on: Oct. 6, 2022, 7:35 a.m.
  • Length: 18:00

All games in this series

Show
View Real Time Build Order
Export as new Build Order

夜蝶蝶蝶蝶蝶蝶蝶 Protoss 

Build Orders: 1 Gate Expand, Blink Stalkers, Zealot Archon 

Get SALT Encoding   

  12  0:00  Probe  
  13  0:12  Probe  
  14  0:16  Pylon  
  14  0:24  Probe  
  15  0:34  Gateway  
  15  0:38  Probe (Chrono Boost)  
  16  0:46  Assimilator  
  16  0:49  Probe (Chrono Boost)  
  17  0:54  Probe (Chrono Boost)  
  18  1:05  Probe  
  19  1:17  Probe  
  20  1:23  Cybernetics Core  
  20  1:34  Nexus  
  20  1:40  Pylon  
  20  1:43  Probe  
  21  1:50  Assimilator  
  21  1:55  Probe  
  21  1:56  Adept (Chrono Boost)  
  21  2:01  Warp Gate  
  24  2:07  Probe  
  25  2:21  Probe  
  25  2:31  Twilight Council  
  25  2:34  Probe  
  26  2:45  Stalker  
  26  2:46  Probe  
  26  2:49  Probe  
  30  2:58  Probe  
  31  2:59  Blink (Chrono Boost)  
  31  3:01  Probe  
  31  3:03  Gateway  
  32  3:10  Probe  
  33  3:13  Probe  
  33  3:17  Stalker  
  36  3:22  Probe  
  36  3:25  Probe  
  38  3:31  Robotics Facility  
  38  3:34  Probe  
  38  3:37  Probe  
  40  3:46  Probe  
  41  3:49  Probe, Pylon  
  42  3:58  Nexus, Probe  
  42  4:01  Probe  
  44  4:09  Pylon  
  44  4:10  Probe  
  44  4:13  Probe  
  44  4:16  Assimilator  
  45  4:18  Assimilator  
  45  4:19  Observer (Chrono Boost)  
  45  4:22  Probe  
  45  4:23  Stalker  
  49  4:24  Stalker  
  49  4:25  Probe  
  52  4:32  Pylon  
  52  4:35  Probe  
  52  4:36  Observer  
  52  4:37  Probe  
  55  4:47  Gateway, Stalker, Probe  
  55  4:48  Stalker  
  55  4:50  Probe  
  61  4:54  Shield Battery  
  61  4:58  Shield Battery  
  61  4:59  Probe  
  62  5:03  Probe  
  62  5:06  Gateway  
  63  5:09  Charge  
  61  5:17  Probe  
  60  5:22  Probe x2  
  60  5:25  Gateway  
  60  5:26  Gateway  
  60  5:28  Templar Archives  
  62  5:32  Gateway  
  62  5:35  Probe x2  
  64  5:37  Probe  
  64  5:42  Psionic Storm  
  65  5:43  Gateway  
  65  5:46  Shield Battery  
  65  5:47  Probe x2  
  67  5:50  Probe  
  67  5:52  Observer  
  67  5:55  Sentry, Pylon  
  70  5:59  Probe, Stalker  
  70  6:00  Stalker  
  75  6:08  Probe x2, High Templar  
  79  6:17  Pylon  
  79  6:18  Pylon  
  79  6:24  Zealot x4, High Templar  
  88  6:28  Zealot  
  90  6:38  High Templar  
  90  6:39  Warp Prism  
  92  6:40  Zealot  
  96  6:50  Zealot x2  
  100  6:55  Zealot x2  
  100  6:56  Zealot  
  100  7:00  High Templar  
  108  7:05  Pylon  
  108  7:06  Pylon  
  107  7:14  Archon  
  107  7:16  Zealot  
  103  7:25  Zealot x2  
  103  7:26  Zealot x2  
  102  7:36  Stalker x2  
  96  7:42  Probe  
  96  7:43  Probe x2  
  91  7:45  Stalker, Pylon  
  91  7:46  Stalker x3  
  99  7:55  Probe  
  100  8:03  Archon  
  100  8:04  Zealot x2  
  88  8:09  Stalker x4  
  90  8:13  Pylon  
  90  8:16  Pylon  
  86  8:22  Immortal  
  86  8:25  Zealot x2  
  94  8:32  Forge  
  94  8:34  Probe x3  
  95  8:42  High Templar  
  95  8:43  Zealot x4, High Templar  
  105  8:52  Zealot x2  
  99  9:07  Protoss Ground Weapons Level 1 (Chrono Boost), Warp Prism (Chrono Boost)  
  99  9:09  Robotics Bay  
  97  9:12  Zealot x4  
  97  9:15  Zealot x4  
  109  9:24  Photon Cannon  
  109  9:26  Photon Cannon  
  109  9:29  Robotics Facility  
  109  9:30  Shield Battery  
  112  9:32  Photon Cannon  
  112  9:38  Observer  
  110  9:41  High Templar  
  110  9:45  Zealot x7  
  122  10:01  Nexus  
  122  10:03  Pylon  
  122  10:04  Colossus (Chrono Boost)  
  124  10:15  Zealot  
  124  10:21  Probe x3 (Chrono Boost)  
  123  10:27  Zealot x4  
  131  10:33  Probe x3 (Chrono Boost)  
  134  10:41  Probe x2 (Chrono Boost)  
  134  10:42  Probe (Chrono Boost), Stalker  
  139  10:44  Extended Thermal Lance  
  139  10:47  Probe x2  
  141  10:50  Colossus (Chrono Boost)  
  144  11:00  Colossus (Chrono Boost)  
  148  11:10  Protoss Ground Armor Level 1 (Chrono Boost)  
  148  11:13  Pylon  
  148  11:15  Shield Battery  
  148  11:18  Pylon  
  130  11:26  Probe x4  
  130  11:31  Shield Battery  
  134  11:36  Shield Battery, Colossus (Chrono Boost), Photon Cannon  
  138  11:43  Disruptor (Chrono Boost)  
  138  11:44  Zealot x2, Sentry  
  145  11:59  Stalker  
  145  12:00  Zealot, Stalker x3  
  153  12:05  Zealot x2  
  149  12:12  Zealot  
  149  12:16  Probe x3  
  149  12:18  Photon Cannon  
  149  12:22  Photon Cannon  
  152  12:23  Stalker x3  
  152  12:24  Zealot  
  152  12:29  Zealot x2  
  164  12:49  Stalker x6  
  164  12:50  Zealot, Stalker  
  146  13:06  Archon  
  115  13:15  Zealot  
  115  13:16  Zealot x7  
  131  13:20  Disruptor x2  
  123  13:36  Zealot x4  
  123  13:37  Zealot x3  
  112  13:52  Colossus (Chrono Boost)  
  104  13:57  Stalker x4  
  104  14:00  Zealot x4  
  126  14:08  Colossus (Chrono Boost)  
  126  14:15  Nexus  
  132  14:23  Zealot  
  134  14:26  Zealot x3  
  134  14:27  Zealot  
  134  14:28  Protoss Ground Weapons Level 2 (Chrono Boost)  
  140  14:48  Nexus  
  140  14:53  Immortal (Chrono Boost)  
  140  14:56  Pylon  
  140  14:58  Sentry, High Templar  
  140  14:59  Zealot  
  148  15:18  Zealot x5  
  154  15:33  Pylon  
  129  15:43  Observer  
  129  15:48  Archon  
  111  15:59  Zealot x6  
  111  16:03  Colossus (Chrono Boost)  
  107  16:04  Pylon  
  107  16:05  Pylon  
  107  16:17  Gateway  
  97  16:20  Gateway  
  97  16:21  Stalker x2  
  97  16:22  Stalker x3  
  101  16:28  Colossus (Chrono Boost)  
  99  16:42  Colossus (Chrono Boost)  
  99  16:43  Shield Battery  
  99  16:45  Zealot, Sentry  
  109  16:49  Photon Cannon  
  109  16:52  Zealot, Sentry  
  109  16:57  Zealot x2  
  94  17:06  Stalker x3  
  79  17:18  Sentry  
  79  17:19  Zealot x3  
  79  17:20  Zealot x2, Assimilator  
  82  17:30  Zealot x4  
  70  17:42  Stalker x3  
  60  17:50  Stalker  
  60  17:51  Zealot x2  
Show
View Real Time Build Order
Export as new Build Order

iGCoffeeMs Terran - Winner!

Build Orders: Reaper Expand 

Get SALT Encoding   

  12  0:00  SCV  
  13  0:12  SCV  
  14  0:17  Supply Depot  
  14  0:24  SCV  
  15  0:39  SCV  
  15  0:40  Barracks  
  16  0:43  Refinery  
  16  0:51  SCV  
  17  1:03  SCV  
  18  1:15  SCV  
  19  1:27  Reaper, Orbital Command  
  20  1:44  Command Center  
  20  1:53  SCV  
  21  1:57  Supply Depot  
  21  2:00  Marine  
  22  2:05  SCV  
  23  2:11  Factory  
  23  2:21  SCV  
  24  2:23  Barracks Reactor  
  24  2:26  Bunker  
  24  2:33  SCV  
  25  2:45  Refinery, SCV  
  25  2:56  Hellion, Orbital Command  
  25  2:57  SCV, Starport  
  28  3:04  Marine x2  
  30  3:09  SCV  
  31  3:17  Factory Tech Lab  
  31  3:22  SCV x2  
  31  3:23  Marine x2  
  35  3:27  Supply Depot  
  35  3:34  SCV x2  
  36  3:37  Barracks  
  37  3:42  Marine x2  
  37  3:44  Refinery  
  37  3:46  Raven  
  41  3:50  Factory Tech Lab  
  41  3:51  SCV  
  41  3:52  SCV  
  43  3:59  Marine  
  43  4:00  Marine  
  43  4:01  Supply Depot  
  45  4:03  SCV  
  45  4:04  SCV  
  47  4:12  Siege Tank  
  50  4:19  Marine x2  
  50  4:20  SCV x2  
  54  4:26  Supply Depot  
  54  4:27  Engineering Bay  
  54  4:32  SCV x2  
  54  4:34  Stimpack  
  54  4:35  Marine  
  54  4:37  Marine x2  
  58  4:44  Siege Tank  
  61  4:47  Barracks  
  61  4:49  SCV  
  61  4:50  SCV  
  63  4:55  Marine x3  
  66  5:04  SCV x2  
  66  5:06  Terran Infantry Weapons Level 1  
  66  5:07  Supply Depot  
  68  5:12  Starport Reactor  
  68  5:13  Marine x2  
  65  5:21  SCV  
  66  5:29  SCV  
  66  5:32  Marine x2  
  66  5:33  Supply Depot, SCV, Marauder  
  66  5:34  Refinery  
  72  5:36  Supply Depot, Factory Reactor  
  72  5:37  Supply Depot  
  72  5:41  SCV  
  73  5:46  SCV  
  74  5:51  Combat Shield  
  74  5:52  Marauder  
  74  5:54  Marauder  
  74  5:55  Medivac x2  
  74  5:56  Supply Depot  
  82  5:58  Marine x2  
  82  6:02  SCV  
  82  6:03  SCV  
  86  6:08  Supply Depot  
  86  6:14  Widow Mine x2  
  86  6:16  Marine x2  
  92  6:25  Marauder x2  
  96  6:34  Medivac x2, Marine x2  
  96  6:38  SCV x2  
  106  6:40  Widow Mine x2  
  106  6:44  Supply Depot  
  106  7:00  Terran Infantry Armor Level 1  
  106  7:01  Marauder x2  
  106  7:04  Marine x2  
  106  7:08  Medivac x2  
  113  7:18  Widow Mine x2  
  117  7:23  Marauder x2  
  117  7:34  Marine x2  
  109  7:37  SCV x2  
  99  7:44  Marauder x2  
  99  7:50  Medivac x2  
  99  7:51  Widow Mine  
  111  7:52  Marine x2  
  109  8:01  Command Center  
  93  8:06  Marauder x2  
  93  8:10  Marine x2  
  95  8:20  Widow Mine x2  
  95  8:24  Barracks x2  
  95  8:25  Ghost Academy  
  97  8:27  Marauder x2  
  99  8:34  SCV x2  
  99  8:36  Marine x2  
  103  8:45  Widow Mine x2  
  103  8:46  SCV x2  
  106  8:55  Viking  
  101  8:59  Enhanced Shockwaves  
  94  9:11  SCV  
  94  9:13  SCV  
  96  9:22  Orbital Command  
  96  9:24  SCV  
  97  9:27  Armory  
  97  9:29  Barracks Reactor, Barracks Tech Lab  
  97  9:33  SCV  
  97  9:36  SCV  
  101  9:40  Widow Mine x2  
  101  9:45  SCV, Refinery  
  104  9:48  SCV  
  104  9:50  Marine x2  
  104  9:51  Ghost  
  105  9:57  SCV  
  100  10:01  Ghost x2  
  104  10:10  SCV  
  105  10:17  Marine x2  
  105  10:19  Ghost  
  109  10:27  SCV x2  
  107  10:29  Ghost  
  109  10:38  Marine x4, Ghost  
  113  10:43  SCV x2  
  113  10:44  SCV  
  113  10:48  Ghost  
  118  10:50  Widow Mine x2  
  118  10:52  Bunker  
  118  10:55  SCV x2, Marine  
  118  10:56  Marine  
  126  10:58  Viking  
  126  10:59  Viking  
  126  11:02  SCV  
  128  11:10  Missile Turret  
  125  11:23  Marine x3  
  125  11:24  Marauder  
  125  11:25  Marauder x2  
  134  11:29  Engineering Bay  
  134  11:30  Armory  
  134  11:31  Supply Depot  
  134  11:32  Supply Depot  
  134  11:39  Viking x2  
  136  11:57  Marauder  
  130  12:01  Marauder  
  130  12:02  SCV  
  130  12:03  SCV x2  
  130  12:05  Marine x3  
  136  12:09  Viking x2  
  136  12:14  SCV  
  136  12:15  SCV x2  
  143  12:25  Marauder x3  
  143  12:26  Personal Cloaking  
  149  12:38  Terran Infantry Armor Level 2, Terran Infantry Weapons Level 2  
  130  13:07  Marauder x2, Marine  
  100  13:13  Marauder, Marine x2  
  100  13:15  Marine  
  100  13:19  Viking x2  
  105  13:25  Marine  
  106  13:28  Marauder  
  106  13:29  Marauder  
  104  13:37  Ghost  
  99  13:46  Marine x3  
  99  13:48  Marine  
  86  13:49  Ghost  
  86  13:50  Marauder  
  87  13:57  Orbital Command  
  87  13:59  Viking x2  
  91  14:04  Marine  
  91  14:05  Nuke  
  91  14:06  Marauder, Marine x2  
  91  14:07  SCV  
  91  14:08  SCV  
  98  14:18  Widow Mine x2, Sensor Tower  
  98  14:20  Marauder x2  
  98  14:24  SCV  
  107  14:26  SCV  
  107  14:28  SCV, Marauder  
  111  14:36  SCV  
  112  14:38  SCV  
  112  14:43  SCV  
  114  14:48  SCV  
  115  14:56  Ghost  
  115  14:57  Ghost x2  
  120  15:03  Marine x4  
  119  15:28  Marine  
  119  15:29  Marine x3  
  119  15:30  Marauder x2  
  119  15:31  Viking  
  119  15:32  Viking  
  129  15:41  Marauder  
  106  15:46  Marine x2  
  106  15:47  Marine x2  
  89  15:51  Marauder x2  
  68  15:59  SCV  
  68  16:02  SCV  
  68  16:03  Marauder  
  63  16:04  Marine x4  
  67  16:12  Marauder  
  67  16:13  Marauder  
  71  16:20  SCV x2  
  65  16:36  Marine  
  65  16:38  Marine  
  65  16:40  Marine x2  
  65  16:43  Marauder x2  
  71  16:48  Marauder  
  63  17:04  Marauder  
  63  17:05  Marauder  
  66  17:08  Marine  
  66  17:09  Marauder  
  66  17:13  SCV  
  70  17:15  Marine  
  71  17:29  Marauder  
  64  17:31  Marine  
  59  17:39  Marine  
  60  17:48  SCV  
Tags
 
Add a new tag
Caveats
  • Supply blocks, unpowered buildings, or Contaminate may cause inaccurate times.
  • Supply counts are checked every 10 seconds.